 Dungeon Crawl Stone Soup version 0.27.0-1-g7a089689b8 (webtiles) character file.

Game seed: 16861173786212384465

92 Chaositek the Vexing (level 4, -4/25 HPs)
             Began as a Vampire Enchanter on Aug 6, 2021.
             Slain by a goblin (6 damage)
             ... led by Robin
             ... on level 3 of the Dungeon.
             The game lasted 00:12:23 (2550 turns).

Chaositek the Vexing (Vampire Enchanter)            Turns: 2550, Time: 00:12:24

Health: -4/25      AC:  0    Str:  5 (7)  XL:     4   Next: 35%
Magic:  5/7        EV: 20    Int: 16 (18) God:
Gold:   201        SH:  0    Dex: 17 (19) Spells: 4/7 levels left

rFire    . . .     SeeInvis +   (weapon currently unavailable)
rCold    + + .     Faith    .   (shield currently unavailable)
rNeg     + + +     Spirit   .   (armour currently unavailable)
rPois    ∞         Reflect  .   (helmet currently unavailable)
rElec    .         Harm     .   (cloak currently unavailable)
rCorr    .         Rampage  .   (gloves currently unavailable)
Will     .....                  (boots currently unavailable)
Stlth    +++++.....             (no amulet)
HPRegen  0.00/turn              (ring currently unavailable)
MPRegen  0.10/turn              (ring currently unavailable)

@: bat-form, flying, bloodless, inhibited regen, very quick
A: fast, flying, no casting, bloodless, tiny, fangs 3, see invisible, vampiric 2
a: Revivify, End Transformation


You were on level 3 of the Dungeon.
You were a vampire bat.
You visited 1 branch of the dungeon, and saw 3 of its levels.

You collected 201 gold pieces.

Inventory:

Hand Weapons
 a - a +1 dagger (melded)
Missiles
 j - 5 boomerangs
Armour
 b - a +0 robe (melded)
 g - a +0 buckler (melded)
Scrolls
 e - a scroll of fog {unknown}
 f - 2 scrolls of amnesia {unknown}
 h - 2 scrolls of teleportation {unknown}
Potions
 c - 2 potions of heal wounds {unknown}
 d - a potion of haste {unknown}
 i - a potion of curing {unknown}
 k - a potion of invisibility {unknown}


   Skills:
 * Level 1.1 Fighting
 * Level 2.0 Short Blades
 + Level 2.6 Dodging
 + Level 5.2 Stealth
 + Level 2.4 Spellcasting
 + Level 5.4 Hexes


You had 4 spell levels left.
You knew the following spells:

 Your Spells              Type           Power      Damage    Failure   Level
a - Corona                Hex            21%        N/A       2%          1
b - Ensorcelled Hibernat  Hex/Ice        20%        N/A       10%         2

Your spell library contained the following spells:

 Spells                   Type           Power      Damage    Failure   Level
 Confusing Touch          Hex            19%        N/A       6%          3
 Tukima's Dance           Hex            19%        N/A       6%          3
 Freeze                   Ice            4%         1d3       21%         1
 Dazzling Flash           Conj/Hex       20%        N/A       21%         3
 Frozen Ramparts          Ice            2%         1d2       52%         3
 Hailstorm                Conj/Ice       1%         3d3       89%         4


Dungeon Overview and Level Annotations

Branches:
Dungeon (3/15)

Altars:

Shops:
D:1 (

Annotations:
D:3 Robin


Innate Abilities, Weirdness & Mutations

You are a vampire bat.
You are tiny and dextrous.
You move quickly.
You are flying.
Your equipment is almost entirely melded.
You are incapable of wielding weapons or throwing items.
You cannot cast spells.
You do not regenerate when monsters are visible.
You are frail without blood (-20% HP).
You can heal yourself when you bite living creatures.
You are immune to poison.
You have razor-sharp teeth.
You have supernaturally acute eyesight. (SInv)
You are afflicted with vampirism and can become a bat while bloodless.


Message History

The goblin shouts!
You hit the hobgoblin.
The hobgoblin is moderately wounded.
You hear a shout!
A goblin comes into view. It is wielding a +0 club.
Robin throws the goblin at you! The goblin barely misses you.
You hit the goblin.
You kill the goblin!
Robin throws the goblin at you! The goblin closely misses you. x2
You closely miss the goblin. The goblin closely misses you.
You block the hobgoblin's attack. The goblin hits you but does no damage.
You hit the goblin.
You kill the goblin!
The goblin completely misses you.
Robin roars a battlecry!
The goblins go into a battle-frenzy!
The hobgoblin closely misses you. The goblin hits you with a +0 club.
You hear a shout!
Things that are here:
a +0 club; a +0 dagger; a goblin corpse Robin throws the goblin at you!
The goblin hits you with a +0 club.
You barely miss the goblin. The goblin hits you with a +0 club. x2
The hobgoblin closely misses you. The goblin hits you with a +0 club.
* * * LOW HITPOINT WARNING * * *
Unknown command.
Casting: Ensorcelled Hibernation (safe; 14% risk of failure)
Confirm with . or Enter, or press ? or * to list all spells.
Okay, then.
You fail to use your ability.
Robin roars a battlecry!
The hobgoblin goes into a battle-frenzy!
You block the goblin's attack. The goblin hits you with a +0 club.
* * * LOW HITPOINT WARNING * * *
The hobgoblin barely misses you. The goblin closely misses you.
Unknown command.
You turn into a vampire bat.
Your +1 dagger melds into your body.
Your +0 buckler melds into your body.
Your +0 robe melds into your body.
You feel weakened.
You feel dopey.
You feel clumsy. The goblin hits you with a +0 club.
You die...

.#................#
...........#......#
###.###....###>...#
# ###.##......#
#.#.......#
#.#.......##
##..........#
........g...#
#.#.......bg.#
.........ggg.##
.............###
............g..#
......#........#
.....##......#..#
...#. ###.####..#
....# ###.# .... .
...# g....


You could see Robin, a hobgoblin (strong) and 4 goblins.

Vanquished Creatures
  3 adders (D:2)
  2 dart slugs
  3 ball pythons
  7 endoplasms
  A giant cockroach (D:1)
  6 goblins
  7 hobgoblins
  10 jackals
  2 quokkas
  4 bats
  4 frilled lizards
  5 kobolds
  2 rats (D:2)
56 creatures vanquished.

Vanquished Creatures (others)
  A fungus (D:2)
  4 toadstools (D:2)
5 creatures vanquished.

Grand Total: 61 creatures vanquished

Notes
Turn   | Place    | Note
-------+----------+-------------------------------------------
     0 | D:1      | Chaositek the Vampire Enchanter began the quest for the
                  | Orb.
     0 | D:1      | Reached XP level 1. HP: 13/13 MP: 3/3
    52 | D:1      | You fall into a shaft and drop 1 floor!
   173 | D:1      | Found Qangauna's Weapon Shop.
   193 | D:1      | Reached XP level 2. HP: 19/19 MP: 5/5
   203 | D:1      | Reached skill level 5 in Hexes
   877 | D:1      | Learned a level 2 spell: Ensorcelled Hibernation
  1028 | D:1      | Found a faded altar of an unknown god.
  1056 | D:1      | Gained mutation: You are afflicted with vampirism and can
                  | become a bat while bloodless. [Vampire growth]
  1056 | D:1      | Reached XP level 3. HP: 10/19 MP: 6/6
  1243 | D:1      | Reached skill level 5 in Stealth
  2040 | D:2      | Reached XP level 4. HP: 24/24 MP: 7/7
  2096 | D:2      | Reached skill level 1 in Fighting
  2242 | D:3      | Noticed Robin
  2550 | D:3      | Slain by a goblin

Illustrated notes

Levels and vault maps discovered:
D:1:      ncdulo_lavacross, layout_basic, serial_shops, shop,
          hellmonk_ecumenical_altar_arch_garden, palyth_stone_intersect,
          chequers_arboretum, patterned_corridor
D:2:      layout_basic, minmay_gold_behind_fungi, nrook_campfire,
          minmay_fractal_squares_gapless_5
D:3:      layout_rooms, nicolae_qazlal_general_emergency, gammafunk_ghost_arena,
          minmay_stone_trees_small, uniq_terence, uniq_grinder, uniq_robin

Skill      XL: |  1  2  3  4 |
---------------+-------------+-----
Hexes          | 5 |  5.4
Stealth        | 5 |  5.2
Short Blades   | 2 |  2.0
Fighting       | 1 |  1.1
Dodging        | |  2.6
Spellcasting   | |  2.4

Action                   |  1- 3 |  4- 6 || total
-------------------------+-------+-------++-------
Melee: Dagger            |   141 |    38 ||   179
       Bite              |    13 |     4 ||    17
 Cast: Corona            |    10 |       ||    10
       Ensorcelled Hiber |     2 |     6 ||     8
 Abil: Exsanguinate      |     1 |       ||     1
       Bat Form          |       |     1 ||     1
 Stab: Sleeping          |    18 |     7 ||    25
Armor: Robe              |    19 |     4 ||    23
Dodge: Dodged            |    84 |    29 ||   113
Block: Buckler           |     8 |     8 ||    16
